AoeStats
← KalasKula

Coastal Forest

510634193Analyzed
3v3 RM · 18h ago on Oct 1, 2026· 49m 8s· 6 players
Game mode
Random Map
Map size
Normal (6 player)
Population
200
Speed
Normal
Resources
Standard
Victory
Conquest
Starting age
Dark Age
Ending age
Imperial Age
RankedLock teamsTeams togetherTeam positionsShared explorationLock speedFull tech treeHidden civsTurbo modeCheats
Victory
Defeat
🇸🇪 Romans · Sweden
1804
+6
🇸🇪 Dravidians · Sweden
1519
+15
🇸🇪 Aztecs · Sweden
1470
+17
🇩🇪 Goths · Germany
1553
-14
🇬🇹 Japanese · Guatemala
1539
-13
🇲🇽 Tatars · Mexico
1490
-11
LvSP | DeathThunder
12:14 Feudal Age
16:44 Castle Age
14:52 Double-Bit Axe
15:11 Fletching
15:27 Gold Mining
15:42 Loom
16:32 Padded Archer Armor
17:54 Bodkin Arrow
18:27 Bow Saw
21:40 Horse Collar
24:27 Ballistics
25:37 Bloodlines
25:27 Husbandry
26:40 Leather Archer Armor
28:43 Thumb Ring
29:12 Heavy Plow
30:27 Wheelbarrow
30:50 Stone Mining
32:22 Hand Cart
33:02 Town Watch
36:54 Imperial Age
36:01 Gold Shaft Mining
37:41 Bracer
38:49 Chemistry
38:23 Ring Archer Armor
39:20 Two-Man Saw
38:05 Heavy Cavalry Archer
38:50 Town Patrol
42:30 Parthian Tactics
44:40 Conscription
48:18 Coinage
Manu
9:09 Feudal Age
8:16 Loom
9:46 Double-Bit Axe
9:49 Horse Collar
16:51 Wheelbarrow
21:43 Castle Age
20:26 Bloodlines
20:47 Forging
20:49 Gold Mining
21:27 Scale Barding Armor
23:04 Iron Casting
23:49 Gold Shaft Mining
33:28 Husbandry
35:12 Heavy Plow
39:41 Imperial Age
37:55 Hand Cart
37:56 Bow Saw
39:00 Chain Barding Armor
39:33 Stone Mining
41:11 Plate Barding Armor
40:42 Cavalier
42:20 Town Watch
45:59 Masonry
stroemming14
6:10 Loom
6:32 Loom
9:01 Feudal Age
10:03 Double-Bit Axe
13:04 Fletching
21:30 Castle Age
20:03 Padded Archer Armor
23:22 Castle Age
21:08 Horse Collar
23:24 Crossbowman
23:59 Bodkin Arrow
24:15 Bow Saw
26:27 Leather Archer Armor
28:18 Ballistics
37:34 Wheelbarrow
40:55 Imperial Age
38:13 Town Watch
38:42 Man-at-Arms
39:28 Squires
42:45 Chemistry
45:33 Ring Archer Armor
hurm0k [PT]
6:46 Loom
9:27 Feudal Age
11:36 Fletching
11:59 Double-Bit Axe
16:16 Horse Collar
24:31 Castle Age
23:07 Padded Archer Armor
25:41 Elite Skirmisher
26:31 Bodkin Arrow
BuLLeT_
7:56 Loom
10:13 Feudal Age
14:45 Castle Age
13:01 Double-Bit Axe
13:31 Fishing Lines
15:40 Bow Saw
16:17 Gillnets
19:03 Horse Collar
23:20 Gold Mining
25:07 Wheelbarrow
24:18 Town Watch
26:09 Gold Shaft Mining
28:05 Ballistics
28:31 Hand Cart
29:07 Fletching
32:49 Imperial Age
31:10 Bodkin Arrow
33:02 Heavy Scorpion
34:39 Coinage
34:38 Siege Engineers
37:02 Coinage
37:40 Chemistry
37:29 Masonry
36:42 Capped Ram
38:20 Banking
37:55 Siege Ram
39:31 Padded Archer Armor
39:32 Heavy Plow
39:25 Stone Mining
40:36 Conscription
41:14 Leather Archer Armor
41:29 Crop Rotation
41:29 Guilds
41:21 Squires
40:42 Pikeman
42:13 Scale Mail Armor
42:23 Forging
43:10 Chain Mail Armor
42:17 Halberdier
44:27 Iron Casting
45:31 Architecture
45:25 Town Patrol
46:15 Ballistas
48:46 Blast Furnace
KalasKula
9:30 Loom
11:25 Feudal Age
13:00 Double-Bit Axe
15:18 Castle Age
16:15 Medium Warships
17:30 Bow Saw
22:24 Wheelbarrow
21:48 Town Watch
23:42 Hand Cart
24:13 Fishing Lines
26:38 Eagle Warrior
27:19 Squires
27:20 Scale Mail Armor
28:25 Chain Mail Armor
29:26 Forging
30:46 Arson
30:47 Gambesons
34:43 Imperial Age
33:10 Fletching
33:56 Iron Casting
33:14 Stone Mining
33:15 Gold Mining
36:11 Plate Mail Armor
35:57 Elite Eagle Warrior
39:06 Blast Furnace
39:04 Conscription
39:15 Garland Wars
39:21 Horse Collar
40:38 Hand Cart
44:53 Coinage
45:04 Arson
46:47 Chemistry
46:33 Treadmill Crane
49:54 Gold Shaft Mining
49:55 Stone Shaft Mining
Connection lost

Rejoining the realm…

Still unreachable

The connection could not be restored.

Session expired

The server has moved on; the page needs a fresh start.